 Dungeon Crawl Stone Soup version 0.26-a0-812-g31a745ddcd (webtiles) character file.

Game seed: 1122333046950443574

214 Lanoc the Insei (level 5, -2/26 HPs)
             Began as a Vine Stalker Transmuter on Nov 15, 2020.
             Killed from afar by an orc wizard (8 damage)
             ... with a puff of frost
             ... on level 3 of the Dungeon.
             The game lasted 00:03:25 (2981 turns).

Lanoc the Insei (Vine Stalker Transmuter)           Turns: 2981, Time: 00:03:25

Health: -2/26      AC:  4    Str: 12    XL:     5   Next: 92%
Magic:  0/9        EV: 13    Int: 14    God:
Gold:   157        SH:  0    Dex: 15    Spells: 5/8 levels left

rFire    . . .     SeeInvis .   o - +4 quarterstaff (chaos)
rCold    . . .     Faith    .   (shield currently unavailable)
rNeg     . . .     Spirit   +   a - +0 robe
rPois    .         Reflect  .   (no helmet)
rElec    .         Harm     .   n - +1 cloak {rCorr}
rCorr    +         Rampage  .   (no gloves)
MR       .....                  (no boots)
Stlth    +.........             (no amulet)
HPRegen  0.48/turn              (no ring)
MPRegen  0.11/turn              (no ring)

@: wereblooded
A: fangs 2, regeneration 1, magic shield, antimagic bite, no potion heal 3, rot
immunity
a: no special abilities


You were on level 3 of the Dungeon.
You visited 1 branch of the dungeon, and saw 3 of its levels.

You collected 157 gold pieces.

Inventory:

Hand Weapons
 o - a +4 quarterstaff of chaos (weapon)
Armour
 a - a +0 robe (worn)
 n - a +1 cloak of preservation (worn)
Jewellery
 g - a +6 ring of dexterity {unknown}
Scrolls
 c - 2 scrolls of magic mapping {unknown}
 d - a scroll of noise {unknown}
 e - 7 scrolls of identify {unknown}
 i - a scroll of random uselessness {unknown}
 j - 2 scrolls of remove curse {unknown}
 l - a scroll of fog {unknown}
 m - 4 scrolls of teleportation {unknown}
Potions
 b - a potion of berserk rage {unknown}
 f - a potion of flight {unknown}
 h - 2 potions of magic {unknown}
 k - a potion of heal wounds {unknown}
 p - 2 potions of brilliance {unknown}
 q - a potion of curing {unknown}


   Skills:
 + Level 2.2 Fighting
 + Level 2.6 Dodging
 * Level 4.5 Unarmed Combat
 - Level 2.1 Spellcasting
 + Level 3.2 Transmutations


You had 5 spell levels left.
You knew the following spells:

 Your Spells              Type           Power        Failure   Level
a - Beastly Appendage     Tmut           ##....       6%          1
b - Wereblood             Tmut           ##......     10%         2

Your spell library contained the following spells:

 Spells                   Type           Power        Failure   Level
 Spider Form              Tmut/Pois      #.........   36%         3
 Ice Form                 Ice/Tmut       #.......     77%         4
 Blade Hands              Tmut           ##........   86%         5


Dungeon Overview and Level Annotations

Branches:
Dungeon (3/15)

Altars:
Qazlal


Innate Abilities, Weirdness & Mutations

You have extremely sharp teeth.
Your natural rate of healing is unusually fast.
When hurt, damage is shared between your health and your magic reserves.
Your bite disrupts and absorbs the magic of your enemies.
Potions cannot restore your health.
You are immune to rotting.


Message History

The orc is heavily wounded.
The orc hits you with a +0 trident.
You hit the orc but do no damage. Your bite misses the orc.
The orc is heavily wounded.
The orc barely misses you. The orc hits you with a +0 trident!
You are too injured to fight recklessly!
You are too injured to fight recklessly!
You barely miss the orc. You bite the orc. You drain its power.
You feel invigorated.
The orc is severely wounded.
The orc hits you with a +0 trident.
You hit the orc.
You kill the orc!
The orc wizard hits you with a +0 dagger!
* * * LOW HITPOINT WARNING * * *
You closely miss the orc wizard.
You bite the orc wizard, but do no damage.
The orc wizard gestures at you while chanting.
The puff of frost hits you!
You die...

.........>....
........# #
.........#####
.#.####### #
.........# .#. #
.(....#.... ... ##
......#..### #.# #[
.##.###..# ##.## ###
#. .##.# ... ..# #.
.<..# #o# ###.# #.
##### #@###.#.# #.
#.##....# #.
#.#.....## #.
#######
#........########.
.......
#.................
#######
...........#########
###........##
....##...##
####.###>##


You could see an orc wizard (fast).

Vanquished Creatures
  Crazy Yiuf (D:2)
  An orc wizard (D:3)
  Robin (D:3)
  A gnoll (D:1)
  2 adders (D:2)
  3 worms
  4 dart slugs
  8 orcs (D:3)
  2 ball pythons (D:2)
  7 bats
  7 giant cockroaches
  16 goblins
  13 hobgoblins
  A jackal (D:1)
  6 kobolds
  2 quokkas
  5 frilled lizards
  14 rats
94 creatures vanquished.

Notes
Turn   | Place    | Note
-------+----------+-------------------------------------------
     0 | D:1      | Lanoc the Vine Stalker Transmuter began the quest for the
                  | Orb.
     0 | D:1      | Reached XP level 1. HP: 9/9 MP: 4/4
    75 | D:1      | Reached skill level 1 in Fighting
   276 | D:1      | Reached XP level 2. HP: 11/14 MP: 3/6
   798 | D:1      | Reached XP level 3. HP: 9/18 MP: 3/7
   807 | D:1      | Learned a level 2 spell: Wereblood
  1608 | D:2      | Gained mutation: Your natural rate of healing is unusually
                  | fast. [Vine Stalker growth]
  1608 | D:2      | Reached XP level 4. HP: 18/22 MP: 8/8
  1714 | D:2      | Found a runed translucent door.
  1715 | D:2      | Noticed Crazy Yiuf
  2119 | D:2      | Found a stormy altar of Qazlal.
  2316 | D:2      | Killed Crazy Yiuf
  2316 | D:2      | Reached skill level 4 in Unarmed Combat
  2316 | D:2      | Reached XP level 5. HP: 10/26 MP: 4/9
  2420 | D:3      | Noticed Robin
  2453 | D:3      | Killed Robin
  2981 | D:3      | Killed from afar by an orc wizard

Illustrated notes

Levels and vault maps discovered:
D:1:      erik_arrival_triangle_medium, layout_loops_corners, minmay_ruptured
D:2:      layout_loops_cross, grunt_qazlal_sundering, uniq_crazy_yiuf_cottage
D:3:      layout_loops_ring, uniq_robin

Skill      XL: |  1  2  3  4  5 |
---------------+----------------+-----
Fighting       | 1 2 |  2.2
Dodging        | 2 |  2.6
Unarmed Combat | 4 |  4.5
Transmutations | 3 |  3.2
Spellcasting   | |  2.1

Action                   |  1- 3 |  4- 6 || total
-------------------------+-------+-------++-------
Melee: Unarmed           |    91 |    44 ||   135
       Kick              |    17 |    19 ||    36
       Headbutt          |     9 |     5 ||    14
       Bite              |    11 |    25 ||    36
       Quarterstaff      |       |    67 ||    67
 Cast: Beastly Appendage |    20 |    16 ||    36
       Wereblood         |     1 |    12 ||    13
 Stab: Sleeping          |     1 |     2 ||     3
       Paralysed         |       |     1 ||     1
Armor: Robe              |    15 |    12 ||    27
Dodge: Dodged            |    50 |    67 ||   117

Table legend: (Time is in decaauts)
 A = Elapsed time spent in this place.
 B = Non-inter-level travel time spent in this place.
 C = Inter-level travel time spent in this place.
 D = Time resting spent in this place.
 E = Time spent auto-exploring this place.
 F = Levels seen in this place.
 G = Mean time per level.
                   A        B        C        D        E       F      G
               +--------+--------+--------+--------+--------+-----+--------+
         Total |   2991 |   2943 |     48 |      0 |   2450 |   3 |  997.0 |
       Dungeon |   2991 |   2943 |     48 |      0 |   2450 |   3 |  997.0 |
               +--------+--------+--------+--------+--------+-----+--------+

Top non-repeatable levels by time:
     D:1: 1462 daAuts
     D:2: 945 daAuts
     D:3: 583 daAuts
